 Dungeon Crawl Stone Soup version 0.23.1-37-gaa34b87b72 (webtiles) character file.

Game seed: 11464225870694516764

312 kali666 the Ruffian (level 6, -11/43 HPs)
             Began as a Formicid Transmuter on Mar 21, 2019.
             Mangled by an orc warrior
             ... wielding a +0 flail
              (24 damage)
             ... on level 5 of the Dungeon.
             The game lasted 00:08:36 (4074 turns).

kali666 the Ruffian (Formicid Transmuter)           Turns: 4074, Time: 00:08:37

Health: -11/43     AC:  2    Str: 14    XL:     6   Next: 70%
Magic:  8/11       EV: 13    Int: 14    God:
Gold:   169        SH:  0    Dex: 12    Spells: 8/12 levels left

rFire    . . .     SeeInvis +   l - +0 dagger (speed)
rCold    . . .     Gourm    .   (no shield)
rNeg     . . .     Faith    .   b - +0 robe
rPois    .         Spirit   .   (helmet unavailable)
rElec    .         Reflect  .   (no cloak)
rCorr    .         Harm     .   (no gloves)
MR       .....                  (no boots)
Stlth    +.........             (no amulet)
HPRegen  0.14/turn              (no ring)
MPRegen  0.12/turn              (no ring)

@: confused, very slightly contaminated
A: permanent stasis, dig shafts and tunnels, four strong arms, antennae 3
a: Dig, Shaft Self


You were on level 5 of the Dungeon.
You were not hungry.

You visited 1 branch of the dungeon, and saw 5 of its levels.

You collected 169 gold pieces.

Inventory:

Hand Weapons
 l - a +0 dagger of speed (weapon)
Missiles
 a - 68 arrows
Armour
 b - a +0 robe (worn)
Jewellery
 v - an uncursed ring of resist corrosion {unknown}
 w - an uncursed ring of ice {unknown}
Wands
 u - a wand of flame (12)
Scrolls
 c - a scroll of fear {unknown}
 e - 11 scrolls of identify {unknown}
 f - 3 scrolls of remove curse {unknown}
 j - 2 scrolls of fog {unknown}
 k - a scroll of amnesia {unknown}
 n - a scroll of noise {unknown}
 q - 2 scrolls of enchant armour {unknown}
 r - a scroll of immolation {unknown}
 t - a scroll of teleportation {unknown}
Potions
 g - 5 potions of curing {unknown}
 h - 2 potions of degeneration {unknown}
 i - a potion of cancellation {unknown}
 m - 2 potions of resistance {unknown}
 o - a potion of mutation {unknown}
 p - a potion of flight {unknown}
 s - 2 potions of heal wounds {unknown}
 x - a potion of haste {unknown}
Comestibles
 d - 9 rations


   Skills:
 + Level 1.5 Fighting
 + Level 1.0 Short Blades
 + Level 2.6 Dodging
 + Level 1.5 Stealth
 + Level 4.7 Unarmed Combat
 + Level 3.5 Spellcasting
 + Level 3.4 Transmutations
 + Level 1.0 Poison Magic


You had 8 spell levels left.
You knew the following spells:

 Your Spells              Type           Power        Failure   Level  Hunger
a - Beastly Appendage     Tmut           ##....       4%          1    #......
b - Spider Form           Tmut/Pois      #.........   24%         3    ###....

Your spell library contained the following spells:

 Spells                   Type           Power        Failure   Level  Hunger
 Sticks to Snakes         Tmut           ##......     8%          2    ##.....
 Ice Form                 Ice/Tmut       #.......     69%         4    #####..
 Blade Hands              Tmut           ##........   80%         5    ######.


Dungeon Overview and Level Annotations

Branches:
Dungeon (5/15)
 Temple: D:4-7

Altars:
Cheibriados
Sif Muna


Innate Abilities, Weirdness & Mutations

You cannot be hasted, slowed, berserked, paralysed or teleported.
You can dig through walls and to a lower floor.
Your four strong arms can wield two-handed weapons with a shield.
You have a pair of large antennae on your head. (SInv)


Message History

You hear a shout! x2
There is a stone staircase leading up here.
There are monsters nearby!
There are monsters nearby!
Casting: Spider Form (safe; 24% risk of failure)
Confirm with . or Enter, or press ? or * to list all spells.
You miscast Spider Form.
You are very lightly contaminated with residual magic.
You are engulfed in noxious fumes.
You choke on the stench!
You are confused.
The orc warrior hits you with a +0 flail!!
Ouch! That really hurt!
You are engulfed in noxious fumes.
You choke on the stench!
You are more confused.
In your confused state, you trip and fall back down the stairs.
You are engulfed in noxious fumes.
You choke on the stench!
You are more confused.
The orc warrior hits you with a +0 flail!!
Ouch! That really hurt!
You die...

# # ≈≈ .#.
≈≈≈####c## #
#≈≈......##.#
#≈≈...oo....#
#@.# #o.#
#..# ....
#..## #..#
#..# #..#


You could see an orc warrior, a centaur, an orc wizard and an orc.

Vanquished Creatures
  A howler monkey (D:4)
  Jessica (D:3)
  Ijyb (D:4)
  4 gnolls (D:2)
  7 adders
  4 worms
  4 dart slugs
  4 leopard geckos
  7 orcs
  6 giant cockroaches
  3 goblins
  8 hobgoblins
  13 jackals
  2 quokkas
  A ball python skeleton (D:4)
  11 bats
  8 frilled lizards
  9 kobolds
  A quokka skeleton (D:2)
  5 rats
100 creatures vanquished.

Notes
Turn   | Place    | Note
-------+----------+-------------------------------------------
     0 | D:1      | kali666 the Formicid Transmuter began the quest for the
                  | Orb.
     0 | D:1      | Reached XP level 1. HP: 15/15 MP: 3/3
   217 | D:1      | Reached XP level 2. HP: 20/21 MP: 3/5
   439 | D:1      | Reached XP level 3. HP: 26/26 MP: 4/6
   752 | D:2      | Learned a level 3 spell: Spider Form
  1214 | D:2      | Reached XP level 4. HP: 7/32 MP: 5/8
  1825 | D:2      | Reached skill level 4 in Unarmed Combat
  1825 | D:2      | Reached XP level 5. HP: 30/37 MP: 6/9
  2007 | D:3      | Noticed Jessica
  2015 | D:3      | Found a deep blue altar of Sif Muna.
  2278 | D:3      | Killed Jessica
  2403 | D:3      | Found a snail-covered altar of Cheibriados.
  2585 | D:3      | Reached XP level 6. HP: 16/43 MP: 8/10
  2978 | D:3      | Reached skill level 1 in Stealth
  3246 | D:4      | Noticed Ijyb
  3264 | D:4      | Killed Ijyb
  3270 | D:4      | Reached skill level 1 in Poison Magic
  3596 | D:4      | Reached skill level 1 in Short Blades
  4071 | D:5      | Entered Level 5 of the Dungeon
  4071 | D:5      | Noticed an orc warrior
  4074 | D:5      | Mangled by an orc warrior

Skill      XL: |  1  2  3  4  5  6 |
---------------+-------------------+-----
Dodging        | 2 |  2.6
Spellcasting   | 3 |  3.5
Transmutations | 3 |  3.4
Unarmed Combat | 4 |  4.7
Stealth        | 1 |  1.5
Poison Magic   | 1 |  1.0
Short Blades   | 1 |  1.0
Fighting       | |  1.5

Action                   |  1- 3 |  4- 6 || total
-------------------------+-------+-------++-------
Melee: Unarmed           |    87 |   161 ||   248
       Kick              |    11 |    20 ||    31
       Dagger            |       |    77 ||    77
       Punch             |       |     1 ||     1
 Cast: Beastly Appendage |    14 |    16 ||    30
       Spider Form       |     2 |    15 ||    17
 Stab: Sleeping          |       |     3 ||     3
  Eat: Chunk             |       |     9 ||     9
       Ration            |       |     1 ||     1
Armor: Robe              |    18 |    17 ||    35
       Skin              |       |     7 ||     7
Dodge: Dodged            |    85 |   204 ||   289
